[Event "GER-ch Blitz 2019"]
[Site "Magdeburg"]
[Date "2019.05.25"]
[Round "22.2"]
[White "Carow, Johannes"]
[Black "Krause, Benedict"]
[Result "1/2-1/2"]
[ECO "D95"]
[WhiteElo "2445"]
[BlackElo "2434"]
[Annotator "NA"]
[PlyCount "81"]
[EventDate "2019.05.25"]
[EventType "tourn"]
[EventCountry "GER"]
[Tiebreak "Number of wins+Number of black wins"]
[SourceTitle "playchess.com"]
[Source "ChessBase"]
[SourceQuality "1"]
[TimeControl "180+2"]

1. d4 Nf6 2. c4 g6 3. Nc3 d5 4. Nf3 Bg7 5. e3 O-O 6. Qb3 e6 7. Bd2 c6 8. Bd3 b6 9. O-O Bb7 10. a4 Nbd7 11. cxd5 exd5 12. a5 c5 13. Bb5 cxd4 14. exd4 bxa5 15. Ne2 Nb6 16. Bxa5 Ne4 17. Ne5 Qf6 18. f3 Nd6 19. Bxb6 axb6 20. Nd7 Qe7 21. Nxf8 Nxb5 22. Qxb5 Qe3+ 23. Kh1 Rxf8 24. Qxb6 Qxe2 25.
Qxb7 Bxd4 26. Rab1 Rd8 27. Rfd1 Qc2 28. Qe7 Rc8 29. Qd7 Bxb2 30. Qxd5 Bf6 31. h3 h5 32. Rb7 Rc7 33. Rb8+ Kg7 34. Rbb1 Rc5 35. Qd7 Rc7 36. Qb5 h4 37. Qd3 Qf2 38. Rf1 Qg3 39. Rbe1 Be5 40. Rxe5 Qxe5 41. Qb3 1/2-1/2

[Event "GER-ch Blitz 2019"]
[Site "Magdeburg"]
[Date "2019.05.25"]
[Round "22.3"]
[White "Hebbinghaus, Holger"]
[Black "Schulz, Karsten"]
[Result "1/2-1/2"]
[ECO "B06"]
[WhiteElo "2310"]
[BlackElo "2227"]
[Annotator "NA"]
[PlyCount "136"]
[EventDate "2019.05.25"]
[EventType "tourn"]
[EventCountry "GER"]
[Tiebreak "Number of wins+Number of black wins"]
[SourceTitle "playchess.com"]
[Source "ChessBase"]
[SourceQuality "1"]
[TimeControl "180+2"]

1. e4 g6 2. d4 Bg7 3. Nc3 d6 4. Be3 a6 5. f4 b5 6. Be2 Bb7 7. Bf3 Nd7 8. e5 Qc8 9. Qe2 Nh6 10. Nh3 O-O 11. O-O e6 12. Bf2 Nb6 13. Ne4 Nd5 14. exd6 Bc6 15. c3 Qd7 16. dxc7 Qxc7 17. Bg3 Nf5 18. Nc5 Rfe8 19. Nd3 Nde3 20. Rfe1 Bxf3 21. gxf3 Rac8 22. Bf2 Nd5 23.
Ne5 Bh6 24. Bg3 Qb7 25. Qe4 Nd6 26. Qe2 Nf5 27. Qe4 a5 28.
Nf2 Bg7 29. Nfd3 Bf8 30. Ng4 h5 31. Nf6+ Kg7 32. Nxe8+ Rxe8 33. Bf2 Bd6 34. Ne5 Qc7 35. Rac1 Nf6 36. Qe2 Rb8 37. c4 b4 38. d5 Bc5 39. dxe6 fxe6 40. Bxc5 Qxc5+ 41. Qf2 Qc7 42. Red1 Rb7 43. c5 Nd5 44. c6 Rb8 45. Rxd5 exd5 46. Qc5 Rd8 47. Rd1 d4 48. Nd7 Rxd7 49. cxd7 Qxc5 50. d8=Q d3+ 51. Kh1 Nd4 52. Qd7+ Kh6 53. Qe8 Kh7 54. Qe4 Ne2 55. Qxd3 Nxf4 56. Qd7+ Kh6 57. Qd4 Qf5 58. Qd2 h4 59. Re1 h3 60. Re4 g5 61. Qd6+ Kh5 62. Qd8 Qc5 63. Qh8+ Kg6 64. Qg8+ Kh6 65. Qh8+ Kg6 66. Qe8+ Kh6 67. Qh8+ Kg6 68. Qg8+ Kh6 1/2-1/2

[Event "GER-ch Blitz 2019"]
[Site "Magdeburg"]
[Date "2019.05.25"]
[Round "22.4"]
[White "Stern, Rene"]
[Black "Barzen, Pascal"]
[Result "0-1"]
[ECO "D55"]
[WhiteElo "2538"]
[BlackElo "2292"]
[Annotator "ChessBase"]
[PlyCount "56"]
[EventDate "2019.05.25"]
[EventType "tourn"]
[EventCountry "GER"]
[Tiebreak "Number of wins+Number of black wins"]
[SourceTitle "playchess.com"]
[Source "ChessBase"]
[SourceQuality "1"]
[TimeControl "180+2"]

1. Nf3 Nf6 2. c4 e6 3. Nc3 d5 4. d4 Be7 5. Bg5 O-O 6. e3 b6 7. Qc2 Bb7 8. Bxf6 Bxf6 9. cxd5 exd5 10. Bd3 g6 11. h4 c5 12. h5 c4 13. Be2 Re8 14. O-O-O Nc6 15. hxg6 hxg6 16. Kb1 Nb4 17. Qd2 Bc8 18. Ka1 Bf5 19. Ne1 b5 20. g4 Be6 21. f4 Qa5 22. a3 Nc6 23. Nxd5 Bxd5 24. Rh3 b4 25. Nc2 c3 26. bxc3 bxc3 27. Qc1 Rab8 28. Rdh1 Rb2 0-1

[Event "GER-ch Blitz 2019"]
[Site "Magdeburg"]
[Date "2019.05.25"]
[Round "22.5"]
[White "Heistermann, Till"]
[Black "Hirneise, Jens"]
[Result "0-1"]
[ECO "A10"]
[WhiteElo "2181"]
[BlackElo "2375"]
[Annotator "NA"]
[PlyCount "65"]
[EventDate "2019.05.25"]
[EventType "tourn"]
[EventCountry "GER"]
[Tiebreak "Number of wins+Number of black wins"]
[SourceTitle "playchess.com"]
[Source "ChessBase"]
[SourceQuality "1"]
[TimeControl "180+2"]

1. c4 g6 2. g3 Bg7 3. Bg2 Nf6 4. Nc3 O-O 5. e3 d6 6. Nge2 e5 7.
O-O Re8 8. d3 c6 9. Rb1 a5 10. a3 Be6 11. b4 axb4 12. axb4 d5 13. cxd5 cxd5 14. Bb2 Nc6 15. b5 Ne7 16. Qd2 Qd7 17. Rfc1 Bh3 18. Bh1 h5 19. d4 e4 20. Ra1 Nh7 21. Nf4 Bg4 22. h3 Bxh3 23. Nxh3 Qxh3 24. Bg2 Qf5 25. Ba3 Bf8 26. Bxe7 Bxe7 27. Qb2 h4 28. Qb3 hxg3 29. fxg3 Nf6 30. Rxa8 Rxa8 31. Rf1 Qg5 32. Ne2 Ra3 33. Qd1 0-1

[Event "GER-ch Blitz 2019"]
[Site "Magdeburg"]
[Date "2019.05.25"]
[Round "22.6"]
[White "Frischmann, Rick"]
[Black "Braeuning, Rudolf Wilhelm"]
[Result "1-0"]
[ECO "B27"]
[WhiteElo "2320"]
[BlackElo "2285"]
[Annotator "NA"]
[PlyCount "59"]
[EventDate "2019.05.25"]
[EventType "tourn"]
[EventCountry "GER"]
[Tiebreak "Number of wins+Number of black wins"]
[SourceTitle "playchess.com"]
[Source "ChessBase"]
[SourceQuality "1"]
[TimeControl "180+2"]

1. e4 c5 2. Nf3 g6 3. d4 cxd4 4. c3 d5 5. Qxd4 Nf6 6. e5 Nc6 7. Bb5 Ne4 8. O-O Bg7 9. c4 e6 10. Nc3 Nxc3 11. bxc3 O-O 12. Bxc6 bxc6 13. Bg5 Qa5 14. Qh4 Qxc3 15. Rac1 Qd3 16. Bh6 f6 17. Bxg7 Kxg7 18. exf6+ Rxf6 19. Ne5 Qf5 20. Nxc6 Bd7 21. cxd5 exd5 22. Nd4 Qe5 23. Rfd1 Raf8 24. Nf3 Rxf3 25. gxf3 Rxf3 26. Re1 Qf6 27. Re7+ Kf8 28. Qxf6+ Rxf6 29. Rxd7 Ke8 30. Rxa7 1-0

[Event "GER-ch Blitz 2019"]
[Site "Magdeburg"]
[Date "2019.05.25"]
[Round "22.7"]
[White "Voege, Tobias"]
[Black "Zuyev, Igor"]
[Result "1/2-1/2"]
[ECO "E21"]
[WhiteElo "2294"]
[BlackElo "2447"]
[Annotator "NA"]
[PlyCount "106"]
[EventDate "2019.05.25"]
[EventType "tourn"]
[EventCountry "GER"]
[Tiebreak "Number of wins+Number of black wins"]
[SourceTitle "playchess.com"]
[Source "ChessBase"]
[SourceQuality "1"]
[TimeControl "180+2"]

1. d4 Nf6 2. c4 e6 3. Nc3 Bb4 4. Nf3 Nc6 5. Bg5 d5 6. e3 h6 7. Bh4 g5 8. Bg3 Ne4 9. Qc2 h5 10. h4 Nxg3 11. fxg3 gxh4 12. gxh4 Qd6 13. O-O-O Bxc3 14. bxc3 Bd7 15. c5 Qf8 16. c4 Qh6 17. Qd2 O-O-O 18. Ng5 Qg7 19. cxd5 exd5 20. Bd3 Rde8 21. Rde1 f6 22. Nh3 Bxh3 23. Rxh3 Rhg8 24. Re2 Qh6 25. Rf3 Kb8 26. Ref2 Re6 27. Bf5 Re7 28. Bh3 a6 29. Rxf6 Qxe3 30. Rf8+ Rxf8 31. Rxf8+ Ka7 32. Qxe3 Rxe3 33. Rh8 Re1+ 34. Kd2 Re4 35. Rxh5 Rxd4+ 36. Ke3 Re4+ 37. Kd2 Ra4 38. Rxd5 Rxh4 39. Rd7 Rh5 40. Rxc7 Rxc5 41. Rh7 Ra5 42. Bc8 Rxa2+ 43. Kc3 Na5 44. g4 Re2 45. g5 Rg2 46. Rg7 Kb6 47. Bf5 Kc5 48. g6 Rg3+ 49. Kd2 Rg5 50. Bd3 b5 51. Ra7 Nc4+ 52. Bxc4 Kxc4 53. Rxa6 b4 1/2-1/2

[Event "GER-ch Blitz 2019"]
[Site "Magdeburg"]
[Date "2019.05.25"]
[Round "22.8"]
[White "Stein, Robert"]
[Black "Feuerstack, Aljoscha"]
[Result "0-1"]
[ECO "A56"]
[WhiteElo "2318"]
[BlackElo "2441"]
[Annotator "NA"]
[PlyCount "134"]
[EventDate "2019.05.25"]
[EventType "tourn"]
[EventCountry "GER"]
[Tiebreak "Number of wins+Number of black wins"]
[SourceTitle "playchess.com"]
[Source "ChessBase"]
[SourceQuality "1"]
[TimeControl "180+2"]

1. d4 Nf6 2. c4 c5 3. Nf3 cxd4 4. Nxd4 e5 5. Nb5 d5 6. cxd5 Bc5 7. N5c3 O-O 8. g3 e4 9. Bg2 Qe7 10. O-O Bf5 11. Bg5 Nbd7 12. e3 h6 13.
Bxf6 Nxf6 14. Nd2 Rad8 15. Qb3 Rfe8 16. Rad1 a6 17. a4 Qd7 18. Nc4 Bh3 19. Rd2 Qf5 20. a5 Qh5 21. Ne2 Bxg2 22. Kxg2 Rxd5 23. Nf4 Qf3+ 24. Kg1 Rg5 25. Qd1 Bb4 26. Rd4 Bxa5 27. Nd6 Re7 28.
Qxf3 exf3 29. Rc1 Bb6 30. Nc8 Bxd4 31. Nxe7+ Kf8 32. Neg6+ Ke8 33. h4 Rb5 34. exd4 fxg6 35. Rc2 g5 36. hxg5 hxg5 37. Nd3 g4 38. Kf1 Nd5 39. Ke1 Rb3 40. Nc5 Rb4 41. Rd2 b6
42. Ne6 Rc4 43. Ng5 Nb4 44. Kd1 a5 45. Ne4 Rc6 46. d5 Rh6 47. Rd4 Kd7 48. Kd2 Rh1 49. Nc3 Na6 50. Rxg4 Kd6 51.
Rg6+ Ke5 52. Rxb6 Nc5 53. Rb5 Kd4 54. d6 Rh2 55. Rxc5 Kxc5 56. d7 Rh8 57. Ke3 Rd8 58. Kxf3 Rxd7 59. Ke2 Rb7 60. Nd1 Kd4 61. Kd2 g5 62. f3 Rb3 63. Ke2 a4 64. Kf2 Kd3 65. f4 Kc2 66.
f5 Kxd1 67. f6 Rb6 0-1

[Event "GER-ch Blitz 2019"]
[Site "Magdeburg"]
[Date "2019.05.25"]
[Round "22.9"]
[White "Wichmann, Cliff"]
[Black "Schmaltz, Roland"]
[Result "0-1"]
[ECO "E92"]
[WhiteElo "2280"]
[BlackElo "2461"]
[Annotator "ChessBase"]
[PlyCount "76"]
[EventDate "2019.05.25"]
[EventType "tourn"]
[EventCountry "GER"]
[Tiebreak "Number of wins+Number of black wins"]
[SourceTitle "playchess.com"]
[Source "ChessBase"]
[SourceQuality "1"]
[TimeControl "180+2"]

1. d4 Nf6 2. c4 g6 3. Nc3 Bg7 4. e4 d6 5. Nf3 O-O 6. Be2 e5 7. Be3 Na6 8. O-O c6 9. d5 Ng4 10. Bg5 f6 11. Bh4 c5 12. Nd2 Nh6 13. f3 Nf7 14. a3 Bh6 15.
Rb1 Be3+ 16. Kh1 Bd7 17. Qc2 Bg5 18. Bf2 f5 19. exf5 gxf5 20.
Bd3 Qf6 21. Bg3 Qh6 22. Nb3 Nh8 23. Na5 b6 24. Nc6 Ng6 25.
b4 Rf7 26. Nb5 Nf4 27. Nbxa7 Kh8 28. bxc5 Nxc5 29. Be2 Nh5 30.
Be1 Bf4 31. Kg1 Rg8 32. g3 Be3+ 33. Kh1 Rxg3 34. Bxg3 Nxg3+ 35. Kg2 Rg7 36. hxg3 Rxg3+ 37. Kxg3 f4+ 38. Kg2 Qh3# 0-1

[Event "GER-ch Blitz 2019"]
[Site "Magdeburg"]
[Date "2019.05.25"]
[Round "22.10"]
[White "Kopylov, Daniel"]
[Black "Koch, Thomas"]
[Result "1-0"]
[ECO "B90"]
[WhiteElo "2263"]
[BlackElo "2474"]
[Annotator "ChessBase"]
[PlyCount "147"]
[EventDate "2019.05.25"]
[EventType "tourn"]
[EventCountry "GER"]
[Tiebreak "Number of wins+Number of black wins"]
[SourceTitle "playchess.com"]
[Source "ChessBase"]
[SourceQuality "1"]
[TimeControl "180+2"]

1. e4 c5 2. Nf3 d6 3. d4 cxd4 4. Nxd4 Nf6 5. Nc3 a6 6. Be3 Ng4 7. Bg5 h6 8. Bc1 Nc6 9. Be2 Nf6 10. Be3 e6 11. Qd2 Qc7 12. O-O-O Bd7 13. f4 O-O-O 14. Bf3 Be7 15. Qf2 Rde8 16. Nxc6 Bxc6 17. Bb6 Qb8 18. e5 dxe5 19. Bxc6 bxc6 20. fxe5 Qxe5 21. Rhe1 Qf5 22. Qe2 Kb7 23. Bf2 Rd8 24. Kb1 Rxd1+ 25. Rxd1 Rd8 26. Rxd8 Bxd8 27. Qe3 Kc8 28. a4 Qa5 29. Qa7 Bc7 30. Qa8+ Kd7 31. Qf8 Bd6 32. Qxf7+ Be7 33. Qxg7 Qf5 34. Qg3 Nd5 35. Nxd5 exd5 36. Qf3 Qxf3 37. gxf3 Ke6 38. Kc1 Bg5+ 39. Kd1 Kf5 40. Ke2 Bc1 41. b3 Bb2 42. Be3 h5 43. Bf2 Be5 44. h3 Bc3 45. Kd3 Bb2 46. Bg3 Bf6 47. c4 Ke6 48. Be1 Be5 49. Bd2 Bf6 50. Be3 Be5 51. cxd5+ cxd5 52. b4 Kd6 53. b5 axb5 54. axb5 Bf6 55. Bd4 Bg5 56. Be3 Bf6 57. f4 Bd8 58. Bd4 Ke6 59. b6 Kd7 60. f5 Kc6 61. f6 Kd6 62. Ke3 Ke6 63.
Kf4 Bxb6 64. Bxb6 Kxf6 65.
Bd4+ Kg6 66. h4 Kh6 67. Ke5 Kg6 68. Be3 Kf7 69. Kxd5 Kf6 70.
Ke4 Ke6 71. Bd4 Kf7 72. Kf5 Kg8 73. Kg6 Kf8 74. Kxh5 1-0

[Event "GER-ch Blitz 2019"]
[Site "Magdeburg"]
[Date "2019.05.25"]
[Round "22.11"]
[White "Baskin, Robert"]
[Black "Zelbel, Patrick"]
[Result "1-0"]
[ECO "A45"]
[WhiteElo "2398"]
[BlackElo "2439"]
[Annotator "NA"]
[PlyCount "69"]
[EventDate "2019.05.25"]
[EventType "tourn"]
[EventCountry "GER"]
[Tiebreak "Number of wins+Number of black wins"]
[SourceTitle "playchess.com"]
[Source "ChessBase"]
[SourceQuality "1"]
[TimeControl "180+2"]

1. d4 Nf6 2. Bf4 c5 3. e3 Qb6 4. Nc3 cxd4 5. exd4 a6 6. Qd2 d5 7. Bd3 Nc6 8. Nge2 Nb4 9. O-O e6 10. Rfe1 Be7 11. a4 Bd7 12. a5 Qc6 13.
Na4 Nxd3 14. cxd3 O-O 15. Nb6 Rad8 16. Rec1 Qb5 17. Qc2 Qc6 18. Qd1 Qb5 19. Nc3 Qb4 20. Nxd7 Rxd7 21. Ra4 Qxb2 22. Bd2 b5 23. Ra2 Qb4 24. Ne2 Qd6 25. Bf4 Qb4 26. Rb1 Rc8 27. Rxb4 Bxb4 28. Rc2 Rxc2 29. Qxc2 Bxa5 30. Qc8+ Rd8 31. Qxa6 Bb4 32. Qxb5 Bf8 33. h3 h6 34. Be5 Nd7 35. Bc7 1-0

[Event "GER-ch Blitz 2019"]
[Site "Magdeburg"]
[Date "2019.05.25"]
[Round "22.12"]
[White "Schulze, Marc"]
[Black "Buhmann, Rainer"]
[Result "0-1"]
[ECO "D02"]
[WhiteElo "2220"]
[BlackElo "2573"]
[Annotator "ChessBase"]
[PlyCount "44"]
[EventDate "2019.05.25"]
[EventType "tourn"]
[EventCountry "GER"]
[Tiebreak "Number of wins+Number of black wins"]
[SourceTitle "playchess.com"]
[Source "ChessBase"]
[SourceQuality "1"]
[TimeControl "180+2"]

1. d4 Nf6 2. Bf4 d5 3. Nf3 e6 4. e3 c5 5. c3 Nc6 6. Nbd2 cxd4 7. exd4 Nh5 8. Bg5 f6 9. Be3 g6 10. Bb5 Bd6 11. O-O O-O 12. c4 Ne7 13.
cxd5 exd5 14. Nb1 a6 15. Bd3 Be6 16. Nc3 Bf7 17. Qd2 Re8 18.
Rac1 Qd7 19. Rc2 Nf5 20. Bxf5 Qxf5 21. Na4 Nf4 22. Nc5 Nxg2 0-1

[Event "GER-ch Blitz 2019"]
[Site "Magdeburg"]
[Date "2019.05.25"]
[Round "22.13"]
[White "Braeuer, Franz"]
[Black "Svane, Frederik"]
[Result "1-0"]
[ECO "B42"]
[WhiteElo "2445"]
[BlackElo "2342"]
[Annotator "NA"]
[PlyCount "131"]
[EventDate "2019.05.25"]
[EventType "tourn"]
[EventCountry "GER"]
[Tiebreak "Number of wins+Number of black wins"]
[SourceTitle "playchess.com"]
[Source "ChessBase"]
[SourceQuality "1"]
[TimeControl "180+2"]

1. e4 c5 2. Nf3 e6 3. d4 cxd4 4. Nxd4 a6 5. Bd3 Nf6 6. O-O Qc7 7. Qe2 d6 8. c4 g6 9. Nc3 Bg7 10. Nf3 Nc6 11. h3 O-O 12. Bf4 Nd7 13.
Rac1 Nde5 14. b3 b6 15. Rfd1 Bb7 16. Bb1 Nxf3+ 17. Qxf3 Ne5 18. Qe2 Rac8 19. Be3 Rfe8 20. Qd2 Bf8 21. Na4 Nd7 22. Bf4 e5 23. Be3 Nc5 24. Nc3 b5 25. b4 Na4 26. Nxa4 bxa4 27. a3 Bc6 28. Bd3 Qb7 29. f3 Rb8 30. Rb1 Qd7 31. Qe2 Rec8 32. Rb2 Rb7 33. Rdb1 Rcb8 34. b5 axb5 35. cxb5 d5 36. bxc6 Qxc6 37. Rxb7 Rxb7 38. Rxb7 Qxb7 39. exd5 Bxa3 40. Qa2 Bd6 41.
Qxa4 Qxd5 42. Qc4 Qxc4 43. Bxc4 Kg7 44. Kf2 Bc7 45. Ke2 Kf6 46. Kd3 h5 47. g4 hxg4
48. hxg4 Ke7 49. Ke4 Bd6 50.
Bf2 Kf6 51. Bh4+ Kg7 52. Kd5 Bb8 53. Be7 f5 54. g5 Bc7 55.
Bf6+ Kh7 56. Bxe5 Bd8 57. Bf4 Be7 58. Ke6 Bd8 59. Bb5 Kg7 60.
Be8 Kh7 61. Kf7 Ba5 62. Bd7 Bb4 63. Bxf5 gxf5 64. g6+ Kh8 65. g7+ Kh7 66. g8=Q# 1-0

[Event "GER-ch Blitz 2019"]
[Site "Magdeburg"]
[Date "2019.05.25"]
[Round "22.14"]
[White "Heidrich, Manfred"]
[Black "Ehmann, Thilo"]
[Result "0-1"]
[ECO "C45"]
[WhiteElo "2351"]
[BlackElo "2291"]
[Annotator "NA"]
[PlyCount "70"]
[EventDate "2019.05.25"]
[EventType "tourn"]
[EventCountry "GER"]
[Tiebreak "Number of wins+Number of black wins"]
[SourceTitle "playchess.com"]
[Source "ChessBase"]
[SourceQuality "1"]
[TimeControl "180+2"]

1. e4 e5 2. Nf3 Nc6 3. d4 exd4 4. Nxd4 Bc5 5. Nxc6 Qf6 6. Qf3 Qxf3 7. gxf3 dxc6 8. Be3 Bxe3 9. fxe3 Ne7 10. Bc4 f6 11. Nd2 Bd7 12. Rg1 g6 13.
Ke2 O-O-O 14. Rad1 c5 15. a3 b5 16. Ba2 Kb7 17. c4 c6 18.
Rc1 Rc8 19. Nb3 Kb6 20. Nd2 Be6 21. f4 Kb7 22. Rc2 a5 23.
Rgc1 b4 24. Rg1 Rhd8 25. Bb3 Rc7 26. Nf3 Rcd7 27. e5 Rd3 28.
Ba4 Nf5 29. e4 Re3+ 30. Kf2 Rxe4 31. exf6 Rxf4 32. Re1 Nd4 33. Re3 Nxc2 34. Bxc2 Rxf6 35. Kg3 Bxc4 0-1

[Event "GER-ch Blitz 2019"]
[Site "Magdeburg"]
[Date "2019.05.25"]
[Round "22.15"]
[White "Kopylov, Michael"]
[Black "Kirchner, Thomas"]
[Result "0-1"]
[ECO "A52"]
[WhiteElo "2413"]
[BlackElo "2311"]
[Annotator "NA"]
[PlyCount "73"]
[EventDate "2019.05.25"]
[EventType "tourn"]
[EventCountry "GER"]
[Tiebreak "Number of wins+Number of black wins"]
[SourceTitle "playchess.com"]
[Source "ChessBase"]
[SourceQuality "1"]
[TimeControl "180+2"]

1. d4 Nf6 2. c4 e5 3. dxe5 Ng4 4. Nh3 Nxe5 5. e3 Ng6 6. f3 Nc6 7.
Nc3 Bb4 8. Qc2 d6 9. Nf2 O-O 10. a3 Bc5 11. b4 Bb6 12. Nd5 Re8 13. Be2 Be6 14. O-O Bxd5 15. cxd5 Nce7 16. Rd1 a5 17. Bb5 c6 18. dxc6 Rc8 19. bxa5 Bxa5 20. Ne4 d5 21. Qc5 bxc6 22. Ba6 Rb8 23. Bf1 Bb6 24. Qc3 Ba5 25. Qc2 Qb6 26. Nc5 Qa7 27. Kh1 Bb6 28. Na4 Bxe3 29. Bxe3 Qxe3 30. Re1 Qa7 31. Nc5 Red8 32. a4 d4 33. Bc4 Nd5 34. Ne4 Ne3 35. Qd3 c5 36. a5 Ne5 37.
Rxe3 0-1

[Event "GER-ch Blitz 2019"]
[Site "Magdeburg"]
[Date "2019.05.25"]
[Round "23.1"]
[White "Gustafsson, Jan"]
[Black "Carow, Johannes"]
[Result "0-1"]
[ECO "A04"]
[WhiteElo "2639"]
[BlackElo "2445"]
[Annotator "ChessBase"]
[PlyCount "73"]
[EventDate "2019.05.25"]
[EventType "tourn"]
[EventCountry "GER"]
[Tiebreak "Number of wins+Number of black wins"]
[SourceTitle "playchess.com"]
[Source "ChessBase"]
[SourceQuality "1"]
[TimeControl "180+2"]

1. Nf3 c5 2. c4 Nc6 3. d4 cxd4 4. Nxd4 Qb6 5. Nc2 Nf6 6. Nc3 e6 7. g3 Ne5 8. Bg2 Nxc4 9. b3 Qa5 10. Qd4 Nb6 11. b4 Qh5 12. O-O Be7 13. a4 d5 14. a5 Nc4 15. e4 Ng4 16. h3 Bf6 17.
Qd1 Bxc3 18. hxg4 Qg6 19. Ra2 O-O 20. exd5 exd5 21. Qxd5 Be6 22. Qh5 Rad8 23. Qxg6 hxg6 24. Ra4 b5 25. axb6 axb6 26. b5 Nd2 27. Bxd2 Rxd2 28. Ne3 Bd4 29. Re1 Bc5 30. g5 Rfd8 31. Bc6 Rb2 32. Kg2 Be7 33. Ra7 Bxg5 34. Rd1 Rxd1 35. Nxd1 Rd2 36. Nc3 f5 37. Rb7 0-1

[Event "GER-ch Blitz 2019"]
[Site "Magdeburg"]
[Date "2019.05.25"]
[Round "23.2"]
[White "Schulz, Karsten"]
[Black "Schneider, Ilja"]
[Result "1/2-1/2"]
[ECO "A06"]
[WhiteElo "2227"]
[BlackElo "2494"]
[Annotator "ChessBase"]
[PlyCount "88"]
[EventDate "2019.05.25"]
[EventType "tourn"]
[EventCountry "GER"]
[Tiebreak "Number of wins+Number of black wins"]
[SourceTitle "playchess.com"]
[Source "ChessBase"]
[SourceQuality "1"]
[TimeControl "180+2"]

1. Nf3 d5 2. c4 c6 3. g3 Bg4 4. Bg2 e6 5. cxd5 Bxf3 6. Bxf3 cxd5 7. Qb3 Qd7 8. O-O Nc6 9. Bg2 Nf6 10. Nc3 Be7 11. d3 O-O 12. Bf4 Nd4 13.
Qd1 Rfc8 14. Be5 Nc6 15. Bf4 Bd6 16. Bg5 Be5 17. Bxf6 Bxf6 18. Qd2 Nd4 19. Rac1 Rc6 20. e3 Nf5 21. d4 Nd6 22. b3 Rac8 23.
Na4 Qc7 24. Rxc6 Qxc6 25.
Nc5 b6 26. Nd3 Qc2 27. Rd1 Be7 28. h3 g6 29. Ne5 f6 30. Nd3 Kf7 31. Nf4 g5 32. Nd3 Ne4 33. Qxc2 Rxc2 34. a4 Nc3 35. Ra1 Rd2 36. Bf1 a5 37. Rc1 Bb4 38. Kg2 Ke7 39.
Kf3 Kd6 40. Kg2 e5 41. dxe5+
fxe5 42. Ne1 d4 43. exd4 exd4 44. Nf3 Rb2 1/2-1/2

[Event "GER-ch Blitz 2019"]
[Site "Magdeburg"]
[Date "2019.05.25"]
[Round "23.3"]
[White "Krause, Benedict"]
[Black "Stern, Rene"]
[Result "1/2-1/2"]
[ECO "C55"]
[WhiteElo "2434"]
[BlackElo "2538"]
[Annotator "ChessBase"]
[PlyCount "151"]
[EventDate "2019.05.25"]
[EventType "tourn"]
[EventCountry "GER"]
[Tiebreak "Number of wins+Number of black wins"]
[SourceTitle "playchess.com"]
[Source "ChessBase"]
[SourceQuality "1"]
[TimeControl "180+2"]

1. e4 e5 2. Nf3 Nc6 3. Bc4 Nf6 4. d3 Be7 5. O-O O-O 6. Re1 d6 7. a4 a5 8. Nc3 h6 9. h3 Nh7 10. d4 Ng5 11. Nxg5 Bxg5 12. dxe5 Nxe5 13. Bb3 Bxc1 14. Qxc1 Be6 15. Bxe6 fxe6 16. f4 Nd7 17. Qe3 Qh4 18. Rf1 Rf7 19. Kh2 Raf8 20. g3 Qh5 21. Kg2 Nc5 22. b3 Qg6 23. Rae1 b6 24. Kh2 Qf6 25. Kg2 Qd8 26. Rd1 Qa8 27. Kh2 Qc6 28. Rde1 Kh7 29. g4 Nd7 30. Rf2 Qc5 31. Qxc5 Nxc5 32. Ref1 g6 33. Kg3 Kg7 34. f5 gxf5 35.
exf5 exf5 36. Rxf5 Rxf5 37. Rxf5 Re8 38. Kf3 c6 39. Rf4 d5 40. Kg2 Kg6 41. h4 Re3 42. Rf3 Re1 43. Rf1 Re8 44. Rf3 Re5 45.
Rf2 Ne4 46. Nxe4 Rxe4 47. Kg3 Re3+ 48. Rf3 Re2 49. Rf2 Re4 50. Rf4 Re8 51. h5+ Kg7 52. Rf2 c5 53. Rf5 d4 54. Rd5 Re3+ 55. Kf4 Rc3 56. Rd7+ Kf6 57. Rd6+ Kg7 58. Rd7+ Kf6 59. Rh7 Rxc2 60. Rxh6+ Kg7 61. Rxb6 Rf2+ 62. Ke4 Rg2 63. Rg6+ Kh7 64. g5 Rg3 65. Rh6+ Kg7 66. Rg6+ Kh7 67. Ra6 Rxg5 68. Rxa5 Rxh5 69. Ra7+ Kg6 70. Rc7 Rh3 71. a5 Rxb3 72. Rxc5 d3 73. Rd5 Ra3 74. Ke3 Kf6 75. Rxd3 Rxa5 76. Ke4 {Ke5+} 1/2-1/2

[Event "GER-ch Blitz 2019"]
[Site "Magdeburg"]
[Date "2019.05.25"]
[Round "23.4"]
[White "Hirneise, Jens"]
[Black "Hebbinghaus, Holger"]
[Result "1/2-1/2"]
[ECO "B03"]
[WhiteElo "2375"]
[BlackElo "2310"]
[Annotator "NA"]
[PlyCount "164"]
[EventDate "2019.05.25"]
[EventType "tourn"]
[EventCountry "GER"]
[Tiebreak "Number of wins+Number of black wins"]
[SourceTitle "playchess.com"]
[Source "ChessBase"]
[SourceQuality "1"]
[TimeControl "180+2"]

1. e4 Nf6 2. e5 Nd5 3. d4 d6 4. c4 Nb6 5. exd6 cxd6 6. Nc3 g6 7. Be3 Bg7 8. Rc1 O-O 9. h3 d5 10. c5 Nc4 11. Bxc4 dxc4 12. Nf3 Bf5 13.
O-O Bd3 14. Re1 Nc6 15. b3 Nxd4 16. bxc4 Nxf3+ 17. Qxf3 Bxc4 18. Qxb7 Qa5 19. Nd5 Bxd5 20. Qxd5 e6 21. Qc4 Rfc8 22. c6 Rc7 23. a4 Rac8 24. Qb5 Bc3 25. Red1 Rxc6 26. Qxa5 Bxa5 27. Rxc6 Rxc6 28. Bxa7 Kg7 29. Rd7 e5 30. Rd5 Bc3 31. a5 Ra6 32. Bb6 Kf6 33. Kf1 Ke6 34. Rb5 Kd6 35. Ke2 Kc6 36. Rb3 Bxa5 37. Bxa5 Rxa5 38. h4 Ra2+ 39. Kf3 f5 40. Kg3 Rd2 41. Rb8 Rd7 42. Ra8 Kd6 43. Ra5 Ke6 44. Ra6+ Kf7 45. Ra5 Ke6 46. Ra6+ Rd6 47. Ra7 h5 48. Rg7 Kf6 49. Ra7 Rd3+ 50. Kh2 e4 51. g3 Rd2 52. Kg1 Rd1+ 53. Kg2 Rb1 54. Ra6+ Kg7 55. Ra7+ Kh6 56. Ra6 Rb2 57. Kg1 Rc2 58. Rb6 Rc3 59. Kg2 e3 60. fxe3 Rxe3 61. Ra6 Re4 62. Rb6 Rg4 63. Kh3 Kg7 64. Ra6 Kf7 65. Rb6 Re4 66. Kg2 Re6 67. Rb5 Kf6 68. Kf3 Ra6 69. Kf4 Ra4+ 70. Kf3 Rg4 71. Rb6+ Ke5 72. Rb5+ Kf6 73. Rb6+ Kg7 74. Rb7+ Kh6 75. Rb6 Kg7 76. Rb7+ Kf6 77. Rb6+ Kf7 78. Rb7+ Ke6 79. Rb6+ Ke5 80. Rb5+ Kd4 81. Rb6 Kc5 82. Ra6 Kb5 {[%emt 0:00:
03] Ke4} 1/2-1/2

[Event "GER-ch Blitz 2019"]
[Site "Magdeburg"]
[Date "2019.05.25"]
[Round "23.5"]
[White "Barzen, Pascal"]
[Black "Frischmann, Rick"]
[Result "1-0"]
[ECO "B25"]
[WhiteElo "2292"]
[BlackElo "2320"]
[Annotator "NA"]
[PlyCount "81"]
[EventDate "2019.05.25"]
[EventType "tourn"]
[EventCountry "GER"]
[Tiebreak "Number of wins+Number of black wins"]
[SourceTitle "playchess.com"]
[Source "ChessBase"]
[SourceQuality "1"]
[TimeControl "180+2"]

1. e4 c5 2. Nc3 Nc6 3. g3 g6 4. Bg2 Bg7 5. d3 d6 6. f4 Nf6 7. Nf3 Rb8 8. O-O O-O 9. h3 b5 10. g4 b4 11. Ne2 a5 12. Ng3 a4 13.
Rb1 b3 14. axb3 axb3 15. c3 Ba6 16. f5 Ne5 17. Nxe5 dxe5 18. g5 Ne8 19. Rf3 Qd6 20. Bf1 c4 21. Ra1 Nc7 22. d4 exd4 23.
Bf4 Be5 24. Bxe5 Qxe5 25. cxd4 Qd6 26. e5 Qb6 27. Qd2 Rfd8 28.
Rf4 Nb5 29. fxg6 hxg6 30. Bxc4 Nxd4 31. Bxf7+ Kg7 32. Qf2 Nc2 33. Rxa6 Rd1+ 34. Kh2 Qxa6 35. Bc4 Kh8 36. Bxa6 Rbd8 37. Rf8+ Rxf8 38. Qxf8+ Kh7 39. Qf7+ Kh8 40. Bc4 Rd2+ 41. Ne2 1-0